 Dungeon Crawl Stone Soup version 0.31-a0-771-g505c3d19dc (webtiles) character file.

Game seed: 14037489662735432108

42 Zonian the Covered (level 3, -10/33 HPs)
             Began as an Armataur Fighter on Sept 16, 2023.
             Mangled by a gnoll
             ... wielding a +0 halberd
              (13 damage)
             ... on level 3 of the Dungeon.
             The game lasted 00:01:46 (2016 turns).

Zonian the Covered (Armataur Fighter)               Turns: 2016, Time: 00:01:46

Health: -10/33     AC:  7    Str: 19 (21) XL:     3   Next: 35%
Magic:  3/3        EV:  7    Int:  6 (8)  God:
Gold:   118        SH:  4    Dex:  7 (11) Spells: 2/2 levels left

rFire   . . .        a - +0 long sword
rCold   . . .        c - +0 buckler
rNeg    . . .        b - +0 scale mail
rPois   .            (no helmet)
rElec   .            (no cloak)
rCorr   .            (no gloves)
SInv    .            (no barding)
Will    .....        (no amulet) Stlth
                     (no ring)
HPRegen 0.25/turn    (no ring)
MPRegen 0.08/turn

%: roll
@: no status effects
A: large, rugged brown scales 3, deformed body, armoured tail, roll, long
tongue, awkward tongue
a: no special abilities


You were on level 3 of the Dungeon.
You visited 1 branch of the dungeon, and saw 3 of its levels.

You collected 118 gold pieces.

Inventory:

Hand Weapons
 a - a +0 long sword (weapon)
Armour
 b - a +0 scale mail (worn)
 c - a +0 buckler (worn)
Jewellery
 j - a +6 ring of dexterity
Scrolls
 f - a scroll of amnesia {unknown}
 i - 2 scrolls of identify {unknown}
 l - a scroll of poison {unknown}
 n - a scroll of enchant weapon {unknown}
Potions
 d - a potion of might
 e - a potion of degeneration
 g - a potion of enlightenment {unknown}
 h - a potion of attraction {unknown}
 k - a potion of heal wounds {unknown}
 m - a potion of mutation {unknown}


   Skills:
 + Level 3.1 Fighting
 + Level 2.2 Long Blades
 + Level 4.1 Armour
 + Level 3.7 Shields


You had 2 spell levels left.
You didn't know any spells.
Your spell library was empty.

Dungeon Overview and Level Annotations

Branches:
Dungeon (3/15)

Altars:


Innate Abilities, Weirdness & Mutations

You are completely covered in rugged brown scales. (AC +3, +7% HP)
Armour fits poorly on your strangely shaped body.
You have a long armoured tail.
You roll when moving toward enemies. (Rampage)
Your long tongue fully drains potion bottles. (2x potion effects)
Your tongue gives you trouble enunciating. (1.5x scroll delay)


Message History

Found a ring mail.
Unknown command.
You see here a +0 ring mail.
A gnoll comes into view. It is wielding a +0 flail.
The gnoll shouts!
A gnoll is nearby!
Unknown command.
You roll towards the gnoll!
A gnoll comes into view. It is wielding a +0 club.
Found 2 boomerangs.
A gnoll comes into view. It is wielding a +0 halberd.
The gnoll shouts!
You roll towards the gnoll!
A gnoll comes into view. It is wielding a +0 club.
The gnoll hits you with a +0 flail!
You barely miss the gnoll. You tail-slap the gnoll!
The gnoll is severely wounded.
The gnoll closely misses you.
You closely miss the gnoll.
The gnoll is severely wounded.
You block the gnoll's attack.
You hit the gnoll but do no damage.
The gnoll is severely wounded.
The gnoll barely misses you. You block the gnoll's attack.
The gnoll hits you but does no damage. The gnoll hits you with a +0 flail.
The gnoll hits you from afar with a +0 halberd.
You are too injured to fight recklessly!
Unknown command.
You hit the gnoll.
The gnoll is severely wounded.
The gnoll hits you from afar with a +0 halberd!
* * * LOW HITPOINT WARNING * * *
You block the gnoll's attack. The gnoll barely misses you.
Unknown command.
It was a potion of degeneration.
There was something very wrong with that liquid.
You feel weakened.
You feel dopey.
You feel clumsy.
You slurp down every last drop of the potion of degeneration!
The gnoll hits you from afar with a +0 halberd!
You die...

# ### # #.# #######.####
#### ### ...........#
#.. ... #######.##.# #.#
#.###.# #
##.##.###.##gg.....
######....[.....@gg....#
................#..###.#
.............#.#......
#............#.#..####.#
#.#.##.....#.#.#....
.....................
#.#.##............####
.....#..........(.. .
####


You could see 4 gnolls.

Vanquished Creatures
  An orc (D:2)
  2 endoplasms
  3 giant cockroaches
  2 hobgoblins
  2 jackals (D:2)
  5 quokkas
  3 ball pythons
  3 bats
  4 frilled lizards
  6 goblins
  5 kobolds
  3 rats
39 creatures vanquished.

Notes
Turn   | Place    | Note
-------+----------+-------------------------------------------
     0 | D:1      | Zonian the Armataur Fighter began the quest for the Orb.
     0 | D:1      | Reached XP level 1. HP: 19/19 MP: 1/1
    94 | D:1      | Reached XP level 2. HP: 16/26 MP: 2/2
   414 | D:1      | Reached skill level 4 in Armour
  1042 | D:2      | Reached XP level 3. HP: 8/33 MP: 3/3
  2016 | D:3      | Mangled by a gnoll

Illustrated notes

Levels and vault maps discovered:
D:1:      zaba_arrival_water, layout_basic, minivault_19, bh_walls_and_bars
D:2:      layout_basic
D:3:      minmay_thinvault, layout_basic,
          grunt_temple_overflow_order_and_chaos_1, serial_shops, shop,
          uniq_sigmund

Skill      XL: |  1  2 |
---------------+-------+-----
Long Blades    | 2 |  2.2
Fighting       | 3 |  3.1
Armour         | 4 |  4.1
Shields        | |  3.7

Action                     || total
---------------------------++-------
  Melee: Long sword        ||   115
         Tailslap          ||    11
    Use: Potion            ||     1
 Armour: Scale mail        ||   100
  Dodge: Dodged            ||    63
  Block: Buckler           ||    37

Table legend: (Time is in decaauts)
 A = Elapsed time spent in this place.
 B = Non-inter-level travel time spent in this place.
 C = Inter-level travel time spent in this place.
 D = Time resting spent in this place.
 E = Time spent auto-exploring this place.
 F = Levels seen in this place.
 G = Mean time per level.
                   A        B        C        D        E       F      G
               +--------+--------+--------+--------+--------+-----+--------+
         Total |   2052 |   1991 |     61 |    395 |   1288 |   3 |  684.0 |
       Dungeon |   2052 |   1991 |     61 |    395 |   1288 |   3 |  684.0 |
               +--------+--------+--------+--------+--------+-----+--------+

Top non-repeatable levels by time:
     D:2: 1294 daAuts
     D:1: 704 daAuts
     D:3: 53 daAuts
